 Dungeon Crawl Stone Soup version 0.22.0-49-gab54619674 (webtiles) character file.

1984 Riddle the Shield-Bearer (level 9, -3/73 HPs)
             Began as a Gnoll Fighter on Sept 9, 2018.
             Was a Believer of Okawaru.
             Slain by a wolf (7 damage)
             ... led by Grum
             ... on level 8 of the Dungeon.
             The game lasted 00:15:58 (7241 turns).

Riddle the Shield-Bearer (Gnoll Fighter)            Turns: 7241, Time: 00:15:59

Health: -3/73      AC: 18    Str: 22    XL:     9   Next: 21%
Magic:  14/14      EV:  7    Int: 10    God:    Okawaru [**....]
Gold:   403        SH: 11    Dex: 15    Spells: 15/15 levels left

rFire    . . .     SeeInvis .   a - +0 war axe
rCold    . . .     Gourm    .   c - +0 shield
rNeg     + . .     Faith    .   G - +0 plate armour
rPois    .         Spirit   .   k - +1 helmet
rElec    .         Reflect  .   x - +0 cloak
rCorr    .         Harm     .   (no gloves)
MR       .....                  F - +0 pair of boots
Stlth    ..........             (no amulet)
HPRegen  0.22/turn              v - ring of positive energy
MPRegen  0.14/turn              (no ring)

@: no status effects
A: distributed training, fangs 1, strong nose
a: Heroism, Renounce Religion


You were on level 8 of the Dungeon.
You worshipped Okawaru.
Okawaru was pleased with you.
You were not hungry.

You visited 1 branch of the dungeon, and saw 8 of its levels.

You collected 403 gold pieces.

Inventory:

Hand Weapons
 a - a +0 war axe (weapon)
Armour
 c - a +0 shield (worn)
 k - a +1 helmet (worn)
 x - a +0 cloak (worn)
 F - a +0 pair of boots (worn)
 G - a +0 plate armour (worn)
 H - a scarf of cloud immunity
Jewellery
 v - a ring of positive energy (left hand)
Wands
 z - a wand of disintegration (7)
 D - a wand of digging (3)
 E - a wand of iceblast (7)
Scrolls
 b - 4 scrolls of identify
 e - a scroll of fog {unknown}
 g - 2 scrolls of blinking {unknown}
 j - a scroll of amnesia {unknown}
 l - 2 scrolls of noise {unknown}
 m - a scroll of enchant armour {unknown}
 p - 3 scrolls of remove curse {unknown}
 r - a scroll of immolation {unknown}
 s - a scroll of teleportation {unknown}
 y - a scroll of vulnerability {unknown}
 B - a scroll of fear {unknown}
 C - a scroll of magic mapping {unknown}
Potions
 d - 3 potions of might
 h - 8 potions of curing
 i - a potion of haste {unknown}
 n - a potion of resistance {unknown}
 o - 2 potions of mutation {unknown}
 q - a potion of heal wounds {unknown}
 t - 2 potions of ambrosia {unknown}
 u - a potion of lignification {unknown}
 w - a potion of flight {unknown}
 A - a potion of degeneration {unknown}
Comestibles
 f - 9 rations


   Skills:
 + Level 7.7 Fighting
 + Level 3.9 Short Blades
 + Level 3.9 Long Blades
 + Level 6.1 Axes
 + Level 3.9 Maces & Flails
 + Level 3.9 Polearms
 + Level 3.9 Staves
 + Level 3.9 Slings
 + Level 3.9 Bows
 + Level 3.9 Crossbows
 + Level 3.9 Throwing
 + Level 7.7 Armour
 + Level 3.9 Dodging
 + Level 3.9 Stealth
 + Level 7.7 Shields
 + Level 3.9 Unarmed Combat
 + Level 3.9 Spellcasting
 + Level 3.2 Conjurations
 + Level 3.2 Hexes
 + Level 3.2 Charms
 + Level 3.2 Summonings
 + Level 3.2 Necromancy
 + Level 3.2 Translocations
 + Level 3.2 Transmutations
 + Level 3.2 Fire Magic
 + Level 3.2 Ice Magic
 + Level 3.2 Air Magic
 + Level 3.2 Earth Magic
 + Level 3.2 Poison Magic
 + Level 4.3 Invocations
 + Level 3.9 Evocations


You had 15 spell levels left.
You didn't know any spells.
Your spell library contained the following spells:

 Spells                   Type           Power        Failure   Level  Hunger
 Animate Skeleton         Necr           N/A          95%         1    #......
 Pain                     Necr           #...         95%         1    #......
 Regeneration             Chrm/Necr      #.........   100%        3    ###....
 Vampiric Draining        Necr           #.........   100%        3    ###....
 Animate Dead             Necr           N/A          100%        4    #####..


Dungeon Overview and Level Annotations

Branches:
Dungeon (8/15)             Temple (0/1) D:5
   Lair: D:8-11

Altars:
Dithmenos
Elyvilon
Gozag
Kikubaaqudgha
Makhleb
Okawaru
Qazlal
Ru
Uskayaw
Vehumet
Wu Jian
The Shining One

Shops:
D:4 (

Annotations:
D:8 Grum


Innate Abilities, Weirdness & Mutations

Your experience applies equally to all skills.
You have very sharp teeth.
Your uncanny sense of smell can sniff out nearby items.


Message History

Grum hits you with a spear of piercing!
You are too injured to fight recklessly!
You are too injured to fight recklessly!
You closely miss Grum.
Grum is severely wounded.
You miss the wolf. You block the wolf's attack. The wolf bites you!
Grum hits you with a spear of piercing.
* * * LOW HITPOINT WARNING * * *
x2 You hit Grum.
Grum is severely wounded.
You barely miss the wolf. The wolf bites you but does no damage.
You block the wolf's attack. You block Grum's attack.
The wolf barely misses you.
You barely miss Grum. You bite Grum, but do no damage.
Grum is severely wounded.
You miss the wolf. You block the wolf's attack. Grum closely misses you.
The wolf bites you but does no damage. Grum hits you with a spear of piercing!
* * * LOW HITPOINT WARNING * * *
x2 You block the wolf's attack.
You block Grum's attack. The wolf bites you!
You die...

# P. .P. ∆ ..PP
##+#
.P...####..##+###
.................
.................
.###...##@h#####
#... #.<# .....
+.g....... #.....
#......... ##.##.
##...##### #. #.
#(..# . .. .....
.....# .....#


You could see Grum and a wolf.

Vanquished Creatures
  The ghost of Riddle the Magician, an amateur GnWz of Vehumet (D:4)
  Menkaure (D:7)
  A sky beast (D:5)
  An orc warrior (D:5)
  2 wolves (D:8)
  An ogre (D:4)
  A phantom (D:7)
  3 bullfrogs
  4 scorpions
  A howler monkey (D:4)
  2 centaur skeletons (D:7)
  2 jellies
  2 orc wizards (D:5)
  3 orc priests
  A hound (D:4)
  3 iguanas
  3 worker ants
  A killer bee zombie (D:6)
  A hound zombie (D:5)
  3 gnolls (D:3)
  7 adders
  A shadow imp (D:6)
  An ooze (D:4)
  An adder zombie (D:2)
  2 adder skeletons
  5 worms
  4 dart slugs
  3 leopard geckos
  24 orcs
  A bat skeleton (D:2)
  3 bat zombies
  4 giant cockroaches
  5 goblins
  5 hobgoblins
  12 jackals
  2 quokkas
  5 bats
  6 frilled lizards
  A giant cockroach zombie (D:2)
  A jackal zombie (D:2)
  7 kobolds
  A leopard gecko zombie (D:2)
  2 quokka zombies
  5 rats
  2 rat zombies (D:3)
147 creatures vanquished.

Notes
Turn   | Place    | Note
-------+----------+-------------------------------------------
     0 | D:1      | Riddle the Gnoll Fighter began the quest for the Orb.
     0 | D:1      | Reached XP level 1. HP: 23/23 MP: 1/1
   220 | D:1      | Reached XP level 2. HP: 29/29 MP: 2/2
   753 | D:2      | Reached XP level 3. HP: 34/35 MP: 3/3
   754 | D:2      | Found a sacrificial altar of Ru.
  1003 | D:2      | Found a hide-covered altar of Uskayaw.
  1040 | D:2      | Reached skill level 1 in Invocations
  1148 | D:2      | Reached skill level 1 in Short Blades
  1148 | D:2      | Reached skill level 1 in Long Blades
  1148 | D:2      | Reached skill level 1 in Maces & Flails
  1148 | D:2      | Reached skill level 1 in Polearms
  1148 | D:2      | Reached skill level 1 in Staves
  1148 | D:2      | Reached skill level 1 in Slings
  1148 | D:2      | Reached skill level 1 in Bows
  1148 | D:2      | Reached skill level 1 in Crossbows
  1148 | D:2      | Reached skill level 1 in Throwing
  1148 | D:2      | Reached skill level 1 in Dodging
  1148 | D:2      | Reached skill level 1 in Stealth
  1148 | D:2      | Reached skill level 1 in Unarmed Combat
  1148 | D:2      | Reached skill level 1 in Spellcasting
  1148 | D:2      | Reached skill level 1 in Evocations
  1148 | D:2      | Reached XP level 4. HP: 30/41 MP: 5/5
  1395 | D:2      | Reached skill level 1 in Conjurations
  1395 | D:2      | Reached skill level 1 in Hexes
  1395 | D:2      | Reached skill level 1 in Charms
  1395 | D:2      | Reached skill level 1 in Summonings
  1395 | D:2      | Reached skill level 1 in Necromancy
  1395 | D:2      | Reached skill level 1 in Translocations
  1395 | D:2      | Reached skill level 1 in Transmutations
  1395 | D:2      | Reached skill level 1 in Fire Magic
  1395 | D:2      | Reached skill level 1 in Ice Magic
  1395 | D:2      | Reached skill level 1 in Air Magic
  1395 | D:2      | Reached skill level 1 in Earth Magic
  1395 | D:2      | Reached skill level 1 in Poison Magic
  1645 | D:2      | Found a shadowy altar of Dithmenos.
  1791 | D:3      | Reached XP level 5. HP: 46/47 MP: 6/6
  1792 | D:3      | Found a stormy altar of Qazlal.
  1792 | D:3      | Found an iron altar of Okawaru.
  1826 | D:3      | Became a worshipper of Warmaster Okawaru
  1832 | D:3      | Found a white marble altar of Elyvilon.
  1835 | D:3      | Found an ornate altar of the Wu Jian Council.
  2390 | D:3      | Found an opulent altar of Gozag.
  2884 | D:3      | Found a radiant altar of Vehumet.
  2933 | D:3      | Found an ancient bone altar of Kikubaaqudgha.
  3065 | D:4      | Found a runed door.
  3065 | D:4      | Noticed Riddle's ghost (amateur GnWz)
  3093 | D:4      | Reached XP level 6. HP: 49/53 MP: 8/8
  3283 | D:4      | Reached * piety under Okawaru
  3516 | D:4      | Reached skill level 5 in Axes
  3919 | D:4      | Found Fyng's Antique Weapon Emporium.
  4032 | D:4      | Found a burning altar of Makhleb.
  4102 | D:4      | Killed Riddle's ghost
  4102 | D:4      | Reached XP level 7. HP: 46/60 MP: 10/10
  4213 | D:5      | Entered Level 5 of the Dungeon
  4467 | D:5      | Found a staircase to the Ecumenical Temple.
  4768 | D:4      | Reached XP level 8. HP: 28/67 MP: 9/12
  5429 | D:6      | Reached ** piety under Okawaru
  6508 | D:7      | Noticed Menkaure
  6799 | D:7      | Killed Menkaure
  6799 | D:7      | Reached XP level 9. HP: 72/72 MP: 11/14
  6834 | D:7      | Found a glowing golden altar of the Shining One.
  7033 | D:8      | Noticed Grum
  7241 | D:8      | Slain by a wolf

Skill      XL: |  1  2  3  4  5  6  7  8  9 |
---------------+----------------------------+-----
Invocations    | 1 2 3 4 |  4.3
Short Blades   | 1 2 3 |  3.9
Long Blades    | 1 2 3 |  3.9
Maces & Flails | 1 2 3 |  3.9
Polearms       | 1 2 3 |  3.9
Staves         | 1 2 3 |  3.9
Slings         | 1 2 3 |  3.9
Bows           | 1 2 3 |  3.9
Crossbows      | 1 2 3 |  3.9
Throwing       | 1 2 3 |  3.9
Dodging        | 1 2 3 |  3.9
Stealth        | 1 2 3 |  3.9
Unarmed Combat | 1 2 3 |  3.9
Spellcasting   | 1 2 3 |  3.9
Evocations     | 1 2 3 |  3.9
Conjurations   | 1 2 3 |  3.2
Hexes          | 1 2 3 |  3.2
Charms         | 1 2 3 |  3.2
Summonings     | 1 2 3 |  3.2
Necromancy     | 1 2 3 |  3.2
Translocations | 1 2 3 |  3.2
Transmutations | 1 2 3 |  3.2
Fire Magic     | 1 2 3 |  3.2
Ice Magic      | 1 2 3 |  3.2
Air Magic      | 1 2 3 |  3.2
Earth Magic    | 1 2 3 |  3.2
Poison Magic   | 1 2 3 |  3.2
Axes           | 5 6 |  6.1
Fighting       | 7 |  7.7
Armour         | 7 |  7.7
Shields        | 7 |  7.7

Action                   |  1- 3 |  4- 6 |  7- 9 || total
-------------------------+-------+-------+-------++-------
Melee: War axe           |    75 |   174 |   218 ||   467
       Bite              |     6 |    19 |    33 ||    58
Invok: Heroism           |       |     1 |     4 ||     5
  Use: Potion            |       |     1 |       ||     1
       Scroll            |       |     1 |     1 ||     2
 Stab: Sleeping          |       |     1 |       ||     1
  Eat: Chunk             |       |     6 |     4 ||    10
       Ration            |       |     1 |     2 ||     3
Armor: Scale mail        |     4 |       |       ||     4
       Ring mail         |    20 |    84 |    47 ||   151
       Plate armour      |       |       |    66 ||    66
Dodge: Dodged            |    43 |    92 |   102 ||   237
Block: Shield            |    68 |   167 |   203 ||   438
